Senateurs vs Ducks

Created - February 22, 2025 at 23:12

Goals
1 2 3 T
Senateurs 1 2 0 3
Ducks 0 0 1 1
Shots
1 2 3 T
Senateurs 12 10 2 24
Ducks 8 10 7 25

1st period

1. Senateurs , Richard Panik 10 (Christoph Bertschy 8) at 7:23

Penalties :
Brian Dumoulin (Ana) for Holding (Minor) at 8:55, Jared Cowen (Ott) for Interference (Minor) at 14:51, Nick Bjugstad (Ott) for Delaying the game (Minor) at 18:06

2nd period

2. Senateurs , Nick Bjugstad 20 (Jared Cowen 17, Alex Iafallo 32) at 6:17
3. Senateurs , Nick Bjugstad 21 (Jared Cowen 18, Michael Frolik 20) at 6:33

Penalties :
Eric Gelinas (Ott) for Slashing (Minor) at 1:04, Tomas Nosek (Ana) for High sticking (Minor) at 9:46, Tomas Nosek (Ana) for High sticking (Minor) at 15:44

3rd period

4. Ducks , Tomas Nosek 7 (Sam Gagner 13) at 15:15

Penalties :
Alex Iafallo (Ott) for Tripping (Minor) at 6:35, Mike Richards (Ana) for Tripping (Minor) at 9:52, Noah Hanifin (Ana) for Holding (Minor) at 16:47

Goalie Stats

Martin Jones (Ott), 24 saves from 25 shots - (0.960), W, 12-13-3, 60:00 minutes
Michal Neuvirth (Ana), 21 saves from 24 shots - (0.875), L, 14-14-3, 60:00 minutes

Players Stats for Senateurs

Player Name              G  A  P  +/- PIM S  H  SB GA TA FO     MP     PP MP  PK MP  
------------------------------------------------------------------------------------
Adam Henrique            0  0  0   0  0   0  1  0  0  0  2/6    13:10   4:37   1:39 
Alex Iafallo             0  1  1   2  2   4  1  1  0  0  3/4    22:25   4:25   3:06 
Anthony Beauvillier      0  0  0   0  0   0  1  0  0  0  0/0     8:21   0:48   0:00 
Anton Lindholm           0  0  0   1  0   0  0  0  1  0  0/0    10:32   0:05   0:18 
Brendan Smith            0  0  0   1  0   0  0  1  0  0  0/0    12:01   0:05   1:46 
Christoph Bertschy       0  1  1   0  0   1  1  0  0  0  5/9     9:48   0:18   0:14 
Eric Gelinas             0  0  0   0  2   0  1  1  0  0  0/0    20:21   4:07   2:05 
Jake Gardiner            0  0  0   1  0   4  2  1  1  3  0/0    28:23   5:43   4:50 
Jared Cowen              0  2  2   1  2   1  1  0  1  1  0/0    27:10   5:43   3:33 
Jordan Martinook         0  0  0   0  0   4  1  0  0  0  0/0    18:34   4:38   3:18 
Justin Schultz           0  0  0   0  0   0  2  1  0  3  0/0    21:37   4:07   3:20 
Michael Frolik           0  1  1   2  0   2  0  0  0  0  0/0    18:53   4:30   0:00 
Nick Bjugstad            2  0  2   2  2   4  2  0  0  0  8/23   22:26   4:30   3:09 
Quinton Howden           0  0  0   0  0   1  0  0  0  1  8/10   11:51   0:00   1:09 
Richard Panik            1  0  1   0  0   1  1  0  0  0  2/3    13:39   0:50   2:40 
Riley Sheahan            0  0  0   0  0   1  1  0  1  1  0/0    14:59   4:37   0:00 
Tim Schaller             0  0  0   0  0   0  2  0  0  0  0/0     8:46   0:32   0:37 
Zachary Sanford          0  0  0   0  0   1  2  0  0  0  0/0     9:04   0:00   0:00 

Players Stats for Ducks

Player Name              G  A  P  +/- PIM S  H  SB GA TA FO     MP     PP MP  PK MP  
------------------------------------------------------------------------------------
Brian Dumoulin           0  0  0   0  2   1  2  0  1  0  0/0    20:11   3:21   4:40 
Carter Verhaeghe         0  0  0  -1  0   0  2  0  0  0  1/4    16:44   3:59   0:22 
Chris Bigras             0  0  0  -1  0   1  1  0  0  0  0/0    15:44   0:00   4:15 
Cody Eakin               0  0  0  -2  0   2  1  0  0  1  9/16   17:55   3:59   3:29 
Frederick Gaudreau       0  0  0  -1  0   3  1  0  1  1  3/7    13:37   0:00   1:39 
Jake Virtanen            0  0  0  -1  0   1  0  1  1  0  1/1    15:59   3:57   0:00 
Jakob Chychrun           0  0  0  -1  0   4  3  2  0  1  0/0    19:14   3:21   0:00 
Jesse Puljujarvi         0  0  0  -2  0   1  2  0  0  0  0/0    14:01   3:59   0:00 
Jordan Schmaltz          0  0  0  -1  0   0  0  1  0  0  0/0    16:18   0:00   5:46 
Kevin Shattenkirk        0  0  0  -1  0   2  1  0  0  1  0/0    28:28   4:35   4:09 
Kris Versteeg            0  0  0   1  0   2  2  1  1  0  0/0    13:07   0:00   1:39 
Mike Richards            0  0  0   0  2   1  0  0  0  0  7/14   12:21   0:00   3:55 
Noah Hanifin             0  0  0   0  2   1  0  5  1  0  0/0    20:04   4:35   1:00 
Robby Fabbri             0  0  0  -2  0   1  1  0  0  0  0/0    16:13   3:57   2:13 
Sam Gagner               0  1  1   1  0   1  1  1  3  0  5/11   16:38   3:57   1:49 
Tomas Nosek              1  0  1   1  4   2  0  0  1  0  0/1    14:46   0:00   3:13 
Tye McGinn               0  0  0   0  0   1  1  0  0  0  0/0    10:30   0:00   1:31 
Tyler Pitlick            0  0  0   0  0   1  2  0  0  0  1/1     8:10   0:00   0:00 

3 Stars

1 - Nick Bjugstad (Ott)
2 - Martin Jones (Ott)
3 - Richard Panik (Ott)

Power Play

Senateurs - 0 on 5 Attempt(s) - 0.00%
Ducks - 0 on 4 Attempt(s) - 0.00%

Penalty Kill

Senateurs - 4 on 4 Attempt(s) - 100.00% - Score 0 goal in Penalty Kill
Ducks - 5 on 5 Attempt(s) - 100.00% - Score 0 goal in Penalty Kill

Team Stat

Senateurs - Hits : 19 - Faceoff Wins : 28 - Blocked Shots : 5 - Penalty Minutes : 8
Ducks - Hits : 20 - Faceoff Wins : 27 - Blocked Shots : 11 - Penalty Minutes : 10

Official

Referees : Steve Kozari and Dean Morton
Linesman : Bryan Pancich and Steve Barton

Game Notes

No Game Note

Finance

Level 1 -- Attendance: 6000 (100.00%) -- Ticket Income $600,000
Level 2 -- Attendance: 4897 (97.94%) -- Ticket Income $342,790
Level 3 -- Attendance: 2000 (100.00%) -- Ticket Income $80,000
Level 4 -- Attendance: 3628 (90.70%) -- Ticket Income $108,840
Luxury Box -- Attendance: 1000 (100.00%) -- Ticket Income $200,000
Game was played at the Arrow head pond.
Total Attendance: 17525 (97.36%)
Total Ticket Income: $1,331,630
Other Income: $199,744
Total Income: $1,531,374

Senateurs

5 vs 5 Forward 
   Center                   Left Wing                Right Wing               Time % Phy DF OF 
 1 Nick Bjugstad            Alex Iafallo             Michael Frolik           40     1   2  2  
 2 Quinton Howden           Jordan Martinook         Riley Sheahan            30     1   2  2  
 3 Christoph Bertschy       Zachary Sanford          Richard Panik            20     1   2  2  
 4 Adam Henrique            Tim Schaller             Anthony Beauvillier      10     1   2  2  

5 vs 5 Defense 
   Defense                  Defense                                           Time % Phy DF OF 
 1 Jake Gardiner            Jared Cowen                                       40     1   2  2  
 2 Eric Gelinas             Justin Schultz                                    30     1   2  2  
 3 Brendan Smith            Anton Lindholm                                    20     1   2  2  
 4 Jake Gardiner            Jared Cowen                                       10     1   2  2  

PowerPlay Forward 
   Center                   Left Wing                Right Wing               Time % Phy DF OF 
 1 Nick Bjugstad            Alex Iafallo             Michael Frolik           60     0   1  4  
 2 Adam Henrique            Jordan Martinook         Riley Sheahan            40     0   1  4  

PowerPlay Defense
   Defense                  Defense                                           Time % Phy DF OF 
 1 Jake Gardiner            Jared Cowen                                       60     0   1  4  
 2 Eric Gelinas             Justin Schultz                                    40     0   1  4  

Penalty Kill 4 Players Forward 
   Center                   Wing                     Time % Phy DF OF 
 1 Nick Bjugstad            Alex Iafallo             60     1   4  0  
 2 Quinton Howden           Jordan Martinook         40     1   4  0  

Penalty Kill 4 Players Defense
   Defense                  Defense                  Time % Phy DF OF 
 1 Jake Gardiner            Jared Cowen              60     1   4  0  
 2 Eric Gelinas             Justin Schultz           40     1   4  0  

Penalty Kill - 3 Players Forward 
   Forward                                           Time % Phy DF OF 
 1 Nick Bjugstad                                     60     1   4  0  
 2 Quinton Howden                                    40     1   4  0  

Penalty Kill - 3 Players Defense
   Defense                  Defense                  Time % Phy DF OF 
 1 Jake Gardiner            Jared Cowen              60     1   4  0  
 2 Eric Gelinas             Justin Schultz           40     1   4  0  

4 vs 4 Forward 
   Center                   Wing                     Time % Phy DF OF 
 1 Nick Bjugstad            Alex Iafallo             60     0   2  3  
 2 Quinton Howden           Jordan Martinook         40     1   2  2  

4 vs 4 Defense
   Defense                  Defense                  Time % Phy DF OF 
 1 Jake Gardiner            Jared Cowen              60     0   2  3  
 2 Eric Gelinas             Justin Schultz           40     1   2  2  

Last Minutes Offensive
   Center                   Left Wing                Right Wing               Defense                  Defense                  
   Nick Bjugstad            Alex Iafallo             Michael Frolik           Jake Gardiner            Jared Cowen              

Last Minutes Defensive
   Center                   Left Wing                Right Wing               Defense                  Defense                  
   Nick Bjugstad            Alex Iafallo             Michael Frolik           Jake Gardiner            Jared Cowen              

Goaltenders
Starting : Martin Jones             
Backup : Mikko Koskinen           

Extra Forwards
Normal : Richard Panik, Jordan Martinook, Quinton Howden - PP : Richard Panik, Jordan Martinook - PK : Richard Panik
Extra Defensemen
Normal : Justin Schultz, Brendan Smith, Anton Lindholm - PP : Justin Schultz - PK : Justin Schultz, Brendan Smith
Penalty Shots
Nick Bjugstad, Michael Frolik, Riley Sheahan, Alex Iafallo, Richard Panik
Custom OT Lines Forwards
Nick Bjugstad, Michael Frolik, Riley Sheahan, Alex Iafallo, Richard Panik, Jordan Martinook, Quinton Howden, Zachary Sanford, Adam Henrique, Tim Schaller
Custom OT Lines Defensemen
Jake Gardiner, Jared Cowen, Eric Gelinas, Justin Schultz, Brendan Smith

Scratches
Dennis Everberg (Healthy), Dmitry Sinitsyn (Healthy), Rostislav Olesz (Healthy), Zac Leslie (Healthy), Thomas McCollum (Healthy)

Ducks

5 vs 5 Forward 
   Center                   Left Wing                Right Wing               Time % Phy DF OF 
 1 Frederick Gaudreau       Carter Verhaeghe         Jake Virtanen            30     0   1  4  
 2 Cody Eakin               Robby Fabbri             Jesse Puljujarvi         25     0   1  4  
 3 Sam Gagner               Tomas Nosek              Kris Versteeg            25     1   1  3  
 4 Mike Richards            Tye McGinn               Tyler Pitlick            20     2   2  1  

5 vs 5 Defense 
   Defense                  Defense                                           Time % Phy DF OF 
 1 Kevin Shattenkirk        Jakob Chychrun                                    40     0   2  3  
 2 Noah Hanifin             Brian Dumoulin                                    30     1   1  3  
 3 Chris Bigras             Jordan Schmaltz                                   20     3   1  1  
 4 Kevin Shattenkirk        Noah Hanifin                                      10     4   1  0  

PowerPlay Forward 
   Center                   Left Wing                Right Wing               Time % Phy DF OF 
 1 Cody Eakin               Carter Verhaeghe         Jesse Puljujarvi         60     0   1  4  
 2 Sam Gagner               Robby Fabbri             Jake Virtanen            40     0   1  4  

PowerPlay Defense
   Defense                  Defense                                           Time % Phy DF OF 
 1 Kevin Shattenkirk        Noah Hanifin                                      60     0   1  4  
 2 Brian Dumoulin           Jakob Chychrun                                    40     0   1  4  

Penalty Kill 4 Players Forward 
   Center                   Wing                     Time % Phy DF OF 
 1 Mike Richards            Tomas Nosek              60     1   2  2  
 2 Frederick Gaudreau       Kris Versteeg            40     1   2  2  

Penalty Kill 4 Players Defense
   Defense                  Defense                  Time % Phy DF OF 
 1 Brian Dumoulin           Jordan Schmaltz          60     1   2  2  
 2 Kevin Shattenkirk        Chris Bigras             40     1   2  2  

Penalty Kill - 3 Players Forward 
   Forward                                           Time % Phy DF OF 
 1 Cody Eakin                                        60     0   3  2  
 2 Mike Richards                                     40     0   3  2  

Penalty Kill - 3 Players Defense
   Defense                  Defense                  Time % Phy DF OF 
 1 Brian Dumoulin           Jakob Chychrun           60     0   3  2  
 2 Jordan Schmaltz          Chris Bigras             40     0   3  2  

4 vs 4 Forward 
   Center                   Wing                     Time % Phy DF OF 
 1 Frederick Gaudreau       Carter Verhaeghe         60     0   2  3  
 2 Mike Richards            Jake Virtanen            40     0   2  3  

4 vs 4 Defense
   Defense                  Defense                  Time % Phy DF OF 
 1 Kevin Shattenkirk        Jakob Chychrun           60     0   2  3  
 2 Chris Bigras             Noah Hanifin             40     0   2  3  

Last Minutes Offensive
   Center                   Left Wing                Right Wing               Defense                  Defense                  
   Cody Eakin               Robby Fabbri             Jake Virtanen            Kevin Shattenkirk        Noah Hanifin             

Last Minutes Defensive
   Center                   Left Wing                Right Wing               Defense                  Defense                  
   Cody Eakin               Carter Verhaeghe         Kris Versteeg            Brian Dumoulin           Noah Hanifin             

Goaltenders
Starting : Michal Neuvirth          
Backup : Marek Mazanek            

Extra Forwards
Normal : Cody Eakin, Carter Verhaeghe, Jesse Puljujarvi - PP : Cody Eakin, Carter Verhaeghe - PK : Cody Eakin
Extra Defensemen
Normal : Kevin Shattenkirk, Noah Hanifin, Jakob Chychrun - PP : Noah Hanifin - PK : Noah Hanifin, Chris Bigras
Penalty Shots
Robby Fabbri, Tye McGinn, Sam Gagner, Jake Virtanen, Cody Eakin
Custom OT Lines Forwards
Robby Fabbri, Jake Virtanen, Sam Gagner, Jesse Puljujarvi, Cody Eakin, Carter Verhaeghe, Frederick Gaudreau, Kris Versteeg, Tye McGinn, Mike Richards
Custom OT Lines Defensemen
Kevin Shattenkirk, Noah Hanifin, Jakob Chychrun, Brian Dumoulin, Jordan Schmaltz

Scratches
Alex Killorn (Healthy), Nikita Tryamkin (Healthy), Travis Zajac (Healthy), Christopher Tanev (Healthy)

% Time on Ice - Senateurs

Lines # - Real PCT - Wanted PCT - Time Play
Normal Forward
1 - 38% - 40% - 16:05
2 - 25% - 30% - 10:22
3 - 22% - 20% - 9:04
4 - 16% - 10% - 6:38
Normal Defense
1 - 42% - 40% - 17:37
2 - 34% - 30% - 14:10
3 - 22% - 20% - 9:06
4 - 3% - 10% - 1:16
PP Forward
1 - 52% - 60% - 5:09
2 - 48% - 40% - 4:46
PP Defense
1 - 58% - 60% - 5:48
2 - 42% - 40% - 4:07
PK Forward
1 - 86% - 60% - 6:47
2 - 14% - 40% - 1:09
PK Defense
1 - 65% - 60% - 5:08
2 - 35% - 40% - 2:48
PK3 Forward
1 - 0% - 60%
2 - 0% - 40%
PK3 Defense
1 - 0% - 60%
2 - 0% - 40%
44 Forward
1 - 0% - 60%
2 - 0% - 40%
44 Defense
1 - 0% - 60%
2 - 0% - 40%
Last Minute Offensive  - 0:00
Last Minute Defensive  - 0:00
Total
Forward - 60:00
Defense - 60:00

% Time on Ice - Ducks

Lines # - Real PCT - Wanted PCT - Time Play
Normal Forward
1 - 29% - 30% - 12:24
2 - 25% - 25% - 10:43
3 - 26% - 25% - 10:52
4 - 19% - 20% - 8:10
Normal Defense
1 - 39% - 40% - 16:25
2 - 31% - 30% - 12:58
3 - 24% - 20% - 10:15
4 - 6% - 10% - 2:31
PP Forward
1 - 50% - 60% - 3:59
2 - 50% - 40% - 3:57
PP Defense
1 - 58% - 60% - 4:35
2 - 42% - 40% - 3:21
PK Forward
1 - 83% - 60% - 8:16
2 - 17% - 40% - 1:39
PK Defense
1 - 61% - 60% - 6:01
2 - 39% - 40% - 3:54
PK3 Forward
1 - 0% - 60%
2 - 0% - 40%
PK3 Defense
1 - 0% - 60%
2 - 0% - 40%
44 Forward
1 - 0% - 60%
2 - 0% - 40%
44 Defense
1 - 0% - 60%
2 - 0% - 40%
Last Minute Offensive  - 0:00
Last Minute Defensive  - 0:00
Total
Forward - 60:00
Defense - 60:00

Play-by-Play

1st period


0:01 of 1st period - Nick Bjugstad wins face-off versus Frederick Gaudreau in neutral zone.
0:51 of 1st period - Wrist shot by Richard Panik.
0:51 of 1st period - Shot Misses the Net.
0:53 of 1st period - Wrist shot by Richard Panik.
0:53 of 1st period - Shot Misses the Net.
0:55 of 1st period - Slapshot by Jake Gardiner.
0:55 of 1st period - Stopped by Michal Neuvirth without a rebound.
0:56 of 1st period - Mike Richards wins face-off versus Adam Henrique in Ducks zone.
1:44 of 1st period - Wrist shot by Sam Gagner.
1:44 of 1st period - Shot Misses the Net.
2:40 of 1st period - Mike Richards is hit by Jared Cowen and loses puck.
3:19 of 1st period - Wrist shot by Riley Sheahan.
3:19 of 1st period - Stopped by Michal Neuvirth with a rebound.
3:43 of 1st period - Jesse Puljujarvi is hit by Justin Schultz and loses puck.
4:06 of 1st period - Backhand shot by Robby Fabbri.
4:06 of 1st period - Shot Misses the Net.
4:08 of 1st period - Wrist shot by Cody Eakin.
4:08 of 1st period - Stopped by Martin Jones without a rebound.
4:09 of 1st period - Nick Bjugstad wins face-off versus Frederick Gaudreau in Senateurs zone.
5:05 of 1st period - Snap shot by Mike Richards.
5:05 of 1st period - Stopped by Martin Jones with a rebound.
5:15 of 1st period - Brian Dumoulin is hit by Nick Bjugstad.
5:21 of 1st period - Snap shot by Nick Bjugstad.
5:21 of 1st period - Stopped by Michal Neuvirth without a rebound.
5:22 of 1st period - Nick Bjugstad wins face-off versus Sam Gagner in Ducks zone.
5:41 of 1st period - Wrist shot by Nick Bjugstad.
5:41 of 1st period - Shot Misses the Net.
5:51 of 1st period - Snap shot by Alex Iafallo.
5:51 of 1st period - Shot Misses the Net.
5:53 of 1st period - Wrist shot by Michael Frolik.
5:53 of 1st period - Stopped by Michal Neuvirth with a rebound.
6:37 of 1st period - Wrist shot by Michael Frolik.
6:37 of 1st period - Stopped by Michal Neuvirth with a rebound.
6:39 of 1st period - Slapshot by Eric Gelinas.
6:39 of 1st period - Shot Blocked by Noah Hanifin.
6:41 of 1st period - Snap shot by Nick Bjugstad.
6:41 of 1st period - Stopped by Michal Neuvirth with a rebound.
6:43 of 1st period - Slapshot by Eric Gelinas.
6:43 of 1st period - Shot Misses the Net.
6:45 of 1st period - Wrist shot by Alex Iafallo.
6:45 of 1st period - Stopped by Michal Neuvirth with a rebound.
6:47 of 1st period - Snap shot by Justin Schultz.
6:47 of 1st period - Deflect By Michael Frolik.
6:47 of 1st period - Shot Blocked by Noah Hanifin.
6:47 of 1st period - Puck is out of play.
6:48 of 1st period - Quinton Howden wins face-off versus Carter Verhaeghe in Ducks zone.
6:53 of 1st period - Wrist shot by Jordan Martinook.
6:53 of 1st period - Shot Misses the Net.
6:57 of 1st period - Wrist shot by Jordan Martinook.
6:57 of 1st period - Stopped by Michal Neuvirth without a rebound.
6:58 of 1st period - Quinton Howden wins face-off versus Frederick Gaudreau in Ducks zone.
7:17 of 1st period - Snap shot by Jordan Martinook.
7:17 of 1st period - Stopped by Michal Neuvirth with a rebound.
7:19 of 1st period - Slapshot by Jake Gardiner.
7:19 of 1st period - Stopped by Michal Neuvirth without a rebound.
7:20 of 1st period - Christoph Bertschy wins face-off versus Cody Eakin in Ducks zone.
7:23 of 1st period - Slapshot by Richard Panik.
7:23 of 1st period - Goal by Richard Panik - Senateurs : 1 - Ducks : 0.
7:24 of 1st period - Quinton Howden wins face-off versus Mike Richards in neutral zone.
7:35 of 1st period - Icing by Tye McGinn.
7:36 of 1st period - Christoph Bertschy wins face-off versus Mike Richards in Ducks zone.
7:45 of 1st period - Slapshot by Jake Gardiner.
7:45 of 1st period - Stopped by Michal Neuvirth without a rebound.
7:46 of 1st period - Cody Eakin wins face-off versus Christoph Bertschy in Ducks zone.
7:51 of 1st period - Jake Gardiner is hit by Jakob Chychrun and loses puck.
8:12 of 1st period - Snap shot by Jordan Martinook.
8:12 of 1st period - Shot Blocked by Jakob Chychrun.
8:24 of 1st period - Slapshot by Riley Sheahan.
8:24 of 1st period - Shot Blocked by Jakob Chychrun.
8:55 of 1st period - Minor Penalty to Brian Dumoulin for Holding.
8:56 of 1st period - Mike Richards wins face-off versus Nick Bjugstad in Ducks zone.
8:56 of 1st period - Mike Richards is hit by Nick Bjugstad.
10:55 of 1st period - Penalty to Brian Dumoulin is over, Brian Dumoulin is back on ice.
11:44 of 1st period - Tyler Pitlick is hit by Zachary Sanford and loses puck.
12:13 of 1st period - Noah Hanifin is hit by Christoph Bertschy and loses puck.
13:14 of 1st period - Carter Verhaeghe is hit by Zachary Sanford and loses puck.
13:57 of 1st period - Alex Iafallo is hit by Kris Versteeg.
14:12 of 1st period - Justin Schultz is hit by Brian Dumoulin and loses puck.
14:28 of 1st period - Quinton Howden is hit by Jakob Chychrun.
14:32 of 1st period - Cody Eakin is hit by Jake Gardiner and loses puck.
14:51 of 1st period - Minor Penalty to Jared Cowen for Interference.
14:52 of 1st period - Cody Eakin wins face-off versus Nick Bjugstad in Senateurs zone.
15:07 of 1st period - Jake Gardiner is hit by Jesse Puljujarvi and loses puck.
16:50 of 1st period - Nick Bjugstad is hit by Sam Gagner and loses puck.
16:51 of 1st period - Penalty to Jared Cowen is over, Jared Cowen is back on ice.
17:21 of 1st period - Brendan Smith is hit by Chris Bigras and loses puck.
17:36 of 1st period - Wrist shot by Frederick Gaudreau.
17:36 of 1st period - Stopped by Martin Jones without a rebound.
17:37 of 1st period - Adam Henrique wins face-off versus Frederick Gaudreau in Senateurs zone.
17:44 of 1st period - Slapshot by Frederick Gaudreau.
17:44 of 1st period - Deflect By Kris Versteeg.
17:44 of 1st period - Stopped by Martin Jones with a rebound.
17:46 of 1st period - Slapshot by Jordan Schmaltz.
17:46 of 1st period - Shot Blocked by Justin Schultz.
17:48 of 1st period - Wrist shot by Frederick Gaudreau.
17:48 of 1st period - Stopped by Martin Jones without a rebound.
17:49 of 1st period - Cody Eakin wins face-off versus Nick Bjugstad in Senateurs zone.
17:56 of 1st period - Snap shot by Cody Eakin.
17:56 of 1st period - Shot Blocked by Alex Iafallo.
17:58 of 1st period - Slapshot by Noah Hanifin.
17:58 of 1st period - Stopped by Martin Jones with a rebound.
18:00 of 1st period - Snap shot by Jesse Puljujarvi.
18:00 of 1st period - Stopped by Martin Jones without a rebound.
18:01 of 1st period - Jake Virtanen wins face-off versus Nick Bjugstad in Senateurs zone.
18:04 of 1st period - Slapshot by Jake Virtanen.
18:04 of 1st period - Stopped by Martin Jones with a rebound.
18:06 of 1st period - Minor Penalty to Nick Bjugstad for Delaying the game.
18:07 of 1st period - Richard Panik wins face-off versus Cody Eakin in Senateurs zone.
18:32 of 1st period - Jake Gardiner is hit by Robby Fabbri and loses puck.
19:26 of 1st period - Icing by Jake Virtanen.
19:27 of 1st period - Sam Gagner wins face-off versus Richard Panik in Ducks zone.
Goals for this period are 1 for Senateurs vs 0 for Ducks.
Shots for this period are 12 for Senateurs vs 8 for Ducks.

2nd period


0:01 of 2nd period - Richard Panik wins face-off versus Carter Verhaeghe in neutral zone.
0:06 of 2nd period - Penalty to Nick Bjugstad is over, Nick Bjugstad is back on ice.
0:53 of 2nd period - Off-side.
0:54 of 2nd period - Sam Gagner wins face-off versus Adam Henrique in neutral zone.
1:04 of 2nd period - Minor Penalty to Eric Gelinas for Slashing.
1:05 of 2nd period - Cody Eakin wins face-off versus Nick Bjugstad in Senateurs zone.
1:05 of 2nd period - Backhand shot by Kevin Shattenkirk.
1:05 of 2nd period - Stopped by Martin Jones with a rebound.
1:19 of 2nd period - Jared Cowen is hit by Jesse Puljujarvi.
1:31 of 2nd period - Jake Gardiner is hit by Kevin Shattenkirk and loses puck.
3:04 of 2nd period - Penalty to Eric Gelinas is over, Eric Gelinas is back on ice.
3:16 of 2nd period - Jakob Chychrun is hit by Tim Schaller and loses puck.
4:12 of 2nd period - Icing by Frederick Gaudreau.
4:13 of 2nd period - Christoph Bertschy wins face-off versus Mike Richards in Ducks zone.
4:56 of 2nd period - Off-side.
4:57 of 2nd period - Quinton Howden wins face-off versus Sam Gagner in neutral zone.
5:02 of 2nd period - Icing by Tomas Nosek.
5:03 of 2nd period - Alex Iafallo wins face-off versus Sam Gagner in Ducks zone.
5:04 of 2nd period - Snap shot by Nick Bjugstad.
5:04 of 2nd period - Shot Misses the Net.
5:36 of 2nd period - Wrist shot by Quinton Howden.
5:36 of 2nd period - Shot Blocked by Jordan Schmaltz.
5:38 of 2nd period - Wrist shot by Eric Gelinas.
5:38 of 2nd period - Shot Misses the Net.
5:48 of 2nd period - Jake Virtanen is hit by Adam Henrique and loses puck.
6:15 of 2nd period - Slapshot by Alex Iafallo.
6:15 of 2nd period - Shot Misses the Net.
6:17 of 2nd period - Snap shot by Jared Cowen.
6:17 of 2nd period - Deflect By Nick Bjugstad.
6:17 of 2nd period - Goal by Nick Bjugstad - Senateurs : 2 - Ducks : 0.
6:18 of 2nd period - Nick Bjugstad wins face-off versus Cody Eakin in neutral zone.
6:25 of 2nd period - Michael Frolik is hit by Cody Eakin.
6:29 of 2nd period - Slapshot by Jared Cowen.
6:29 of 2nd period - Stopped by Michal Neuvirth with a rebound.
6:33 of 2nd period - Snap shot by Nick Bjugstad.
6:33 of 2nd period - Goal by Nick Bjugstad - Senateurs : 3 - Ducks : 0.
6:34 of 2nd period - Cody Eakin wins face-off versus Nick Bjugstad in neutral zone.
6:37 of 2nd period - Slapshot by Kevin Shattenkirk.
6:37 of 2nd period - Shot Misses the Net.
6:44 of 2nd period - Off-side.
6:45 of 2nd period - Nick Bjugstad wins face-off versus Cody Eakin in neutral zone.
6:58 of 2nd period - Snap shot by Nick Bjugstad.
6:58 of 2nd period - Shot Misses the Net.
7:10 of 2nd period - Jake Gardiner is hit by Carter Verhaeghe and loses puck.
7:34 of 2nd period - Wrist shot by Richard Panik.
7:34 of 2nd period - Shot Blocked by Sam Gagner.
7:36 of 2nd period - Slapshot by Jared Cowen.
7:36 of 2nd period - Shot Misses the Net.
7:38 of 2nd period - Snap shot by Richard Panik.
7:38 of 2nd period - Shot Blocked by Kris Versteeg.
7:40 of 2nd period - Snap shot by Zachary Sanford.
7:40 of 2nd period - Shot Blocked by Noah Hanifin.
7:42 of 2nd period - Wrist shot by Richard Panik.
7:42 of 2nd period - Shot Misses the Net.
7:44 of 2nd period - Wrist shot by Zachary Sanford.
7:44 of 2nd period - Stopped by Michal Neuvirth with a rebound.
7:46 of 2nd period - Slapshot by Jake Gardiner.
7:46 of 2nd period - Stopped by Michal Neuvirth without a rebound.
7:47 of 2nd period - Cody Eakin wins face-off versus Nick Bjugstad in Ducks zone.
7:56 of 2nd period - Wrist shot by Cody Eakin.
7:56 of 2nd period - Shot Misses the Net.
7:58 of 2nd period - Snap shot by Kevin Shattenkirk.
7:58 of 2nd period - Shot Blocked by Eric Gelinas.
8:32 of 2nd period - Slapshot by Jakob Chychrun.
8:32 of 2nd period - Stopped by Martin Jones with a rebound.
8:34 of 2nd period - Slapshot by Jakob Chychrun.
8:34 of 2nd period - Stopped by Martin Jones with a rebound.
8:36 of 2nd period - Slapshot by Jakob Chychrun.
8:36 of 2nd period - Stopped by Martin Jones with a rebound.
8:38 of 2nd period - Slapshot by Cody Eakin.
8:38 of 2nd period - Stopped by Martin Jones with a rebound.
9:15 of 2nd period - Slapshot by Robby Fabbri.
9:15 of 2nd period - Stopped by Martin Jones without a rebound.
9:16 of 2nd period - Frederick Gaudreau wins face-off versus Adam Henrique in Senateurs zone.
9:31 of 2nd period - Wrist shot by Adam Henrique.
9:31 of 2nd period - Shot Blocked by Noah Hanifin.
9:46 of 2nd period - Minor Penalty to Tomas Nosek for High sticking.
9:47 of 2nd period - Mike Richards wins face-off versus Nick Bjugstad in Ducks zone.
9:56 of 2nd period - Tye McGinn is hit by Alex Iafallo and loses puck.
11:46 of 2nd period - Penalty to Tomas Nosek is over, Tomas Nosek is back on ice.
12:00 of 2nd period - Icing by Kevin Shattenkirk.
12:01 of 2nd period - Christoph Bertschy wins face-off versus Sam Gagner in Ducks zone.
12:08 of 2nd period - Wrist shot by Zachary Sanford.
12:08 of 2nd period - Shot Misses the Net.
12:10 of 2nd period - Slapshot by Christoph Bertschy.
12:10 of 2nd period - Stopped by Michal Neuvirth without a rebound.
12:11 of 2nd period - Carter Verhaeghe wins face-off versus Christoph Bertschy in Ducks zone.
12:16 of 2nd period - Christoph Bertschy is hit by Brian Dumoulin and loses puck.
13:23 of 2nd period - Slapshot by Tye McGinn.
13:23 of 2nd period - Deflect By Mike Richards.
13:23 of 2nd period - Shot Misses the Net.
13:23 of 2nd period - Puck is out of play.
13:24 of 2nd period - Tyler Pitlick wins face-off versus Nick Bjugstad in Senateurs zone.
13:29 of 2nd period - Snap shot by Jakob Chychrun.
13:29 of 2nd period - Stopped by Martin Jones without a rebound.
13:30 of 2nd period - Frederick Gaudreau wins face-off versus Nick Bjugstad in Senateurs zone.
13:33 of 2nd period - Snap shot by Kevin Shattenkirk.
13:33 of 2nd period - Stopped by Martin Jones without a rebound.
13:34 of 2nd period - Frederick Gaudreau wins face-off versus Nick Bjugstad in Senateurs zone.
14:17 of 2nd period - Jake Gardiner is hit by Frederick Gaudreau and loses puck.
14:32 of 2nd period - Wrist shot by Alex Iafallo.
14:32 of 2nd period - Stopped by Michal Neuvirth with a rebound.
14:34 of 2nd period - Snap shot by Nick Bjugstad.
14:34 of 2nd period - Shot Misses the Net.
14:38 of 2nd period - Snap shot by Nick Bjugstad.
14:38 of 2nd period - Shot Misses the Net.
14:40 of 2nd period - Snap shot by Alex Iafallo.
14:40 of 2nd period - Stopped by Michal Neuvirth with a rebound.
15:20 of 2nd period - Snap shot by Alex Iafallo.
15:20 of 2nd period - Stopped by Michal Neuvirth without a rebound.
15:21 of 2nd period - Quinton Howden wins face-off versus Sam Gagner in Ducks zone.
15:44 of 2nd period - Minor Penalty to Tomas Nosek for High sticking.
15:45 of 2nd period - Adam Henrique wins face-off versus Mike Richards in Ducks zone.
16:39 of 2nd period - Chris Bigras is hit by Tim Schaller and loses puck.
17:44 of 2nd period - Penalty to Tomas Nosek is over, Tomas Nosek is back on ice.
17:56 of 2nd period - Wrist shot by Kris Versteeg.
17:56 of 2nd period - Shot Misses the Net.
17:58 of 2nd period - Snap shot by Tomas Nosek.
17:58 of 2nd period - Stopped by Martin Jones with a rebound.
18:00 of 2nd period - Slapshot by Brian Dumoulin.
18:00 of 2nd period - Stopped by Martin Jones without a rebound.
18:01 of 2nd period - Christoph Bertschy wins face-off versus Sam Gagner in Senateurs zone.
18:22 of 2nd period - Tim Schaller is hit by Carter Verhaeghe and loses puck.
18:55 of 2nd period - Eric Gelinas is hit by Tyler Pitlick and loses puck.
19:10 of 2nd period - Slapshot by Jordan Martinook.
19:10 of 2nd period - Stopped by Michal Neuvirth without a rebound.
19:11 of 2nd period - Sam Gagner wins face-off versus Quinton Howden in Ducks zone.
19:23 of 2nd period - Backhand shot by Kris Versteeg.
19:23 of 2nd period - Shot Misses the Net.
19:43 of 2nd period - Wrist shot by Riley Sheahan.
19:43 of 2nd period - Shot Misses the Net.
19:53 of 2nd period - Snap shot by Quinton Howden.
19:53 of 2nd period - Deflect By Jordan Martinook.
19:53 of 2nd period - Shot Misses the Net.
19:53 of 2nd period - Puck is out of play.
19:54 of 2nd period - Mike Richards wins face-off versus Alex Iafallo in Ducks zone.
Goals for this period are 2 for Senateurs vs 0 for Ducks.
Shots for this period are 10 for Senateurs vs 10 for Ducks.

3rd period


0:01 of 3rd period - Nick Bjugstad wins face-off versus Cody Eakin in neutral zone.
2:00 of 3rd period - Slapshot by Quinton Howden.
2:00 of 3rd period - Stopped by Michal Neuvirth without a rebound.
2:01 of 3rd period - Mike Richards wins face-off versus Quinton Howden in Ducks zone.
2:01 of 3rd period - Mike Richards is hit by Jordan Martinook.
2:11 of 3rd period - Snap shot by Tye McGinn.
2:11 of 3rd period - Deflect By Quinton Howden.
2:11 of 3rd period - Stopped by Martin Jones without a rebound.
2:12 of 3rd period - Cody Eakin wins face-off versus Nick Bjugstad in Senateurs zone.
2:22 of 3rd period - Icing by Michael Frolik.
2:23 of 3rd period - Cody Eakin wins face-off versus Nick Bjugstad in Senateurs zone.
2:53 of 3rd period - Icing by Kevin Shattenkirk.
2:54 of 3rd period - Quinton Howden wins face-off versus Mike Richards in Ducks zone.
3:03 of 3rd period - Justin Schultz is hit by Tyler Pitlick and loses puck.
3:28 of 3rd period - Slapshot by Frederick Gaudreau.
3:28 of 3rd period - Stopped by Martin Jones with a rebound.
5:32 of 3rd period - Icing by Tim Schaller.
5:33 of 3rd period - Sam Gagner wins face-off versus Adam Henrique in Senateurs zone.
5:44 of 3rd period - Sam Gagner is hit by Anthony Beauvillier and loses puck.
6:21 of 3rd period - Brian Dumoulin is hit by Richard Panik and loses puck.
6:32 of 3rd period - Wrist shot by Noah Hanifin.
6:32 of 3rd period - Deflect By Jake Virtanen.
6:32 of 3rd period - Deflect By Christoph Bertschy.
6:32 of 3rd period - Shot Misses the Net.
6:32 of 3rd period - Puck is out of play.
6:33 of 3rd period - Alex Iafallo wins face-off versus Cody Eakin in Senateurs zone.
6:35 of 3rd period - Minor Penalty to Alex Iafallo for Tripping.
6:36 of 3rd period - Nick Bjugstad wins face-off versus Cody Eakin in Senateurs zone.
8:02 of 3rd period - Jared Cowen is hit by Jakob Chychrun and loses puck.
8:13 of 3rd period - Kevin Shattenkirk is hit by Jake Gardiner and loses puck.
8:29 of 3rd period - Noah Hanifin is hit by Eric Gelinas and loses puck.
8:35 of 3rd period - Penalty to Alex Iafallo is over, Alex Iafallo is back on ice.
8:36 of 3rd period - Wrist shot by Alex Iafallo.
8:36 of 3rd period - Shot Misses the Net.
8:46 of 3rd period - Snap shot by Alex Iafallo.
8:46 of 3rd period - Deflect By Tim Schaller.
8:46 of 3rd period - Shot Blocked by Jake Virtanen.
8:46 of 3rd period - Puck is out of play.
8:47 of 3rd period - Quinton Howden wins face-off versus Mike Richards in Ducks zone.
9:10 of 3rd period - Christoph Bertschy is hit by Kris Versteeg and loses puck.
9:33 of 3rd period - Wrist shot by Tyler Pitlick.
9:33 of 3rd period - Stopped by Martin Jones without a rebound.
9:34 of 3rd period - Nick Bjugstad wins face-off versus Mike Richards in Senateurs zone.
9:34 of 3rd period - Nick Bjugstad is hit by Tye McGinn.
9:52 of 3rd period - Minor Penalty to Mike Richards for Tripping.
9:53 of 3rd period - Cody Eakin wins face-off versus Nick Bjugstad in Ducks zone.
11:52 of 3rd period - Penalty to Mike Richards is over, Mike Richards is back on ice.
12:32 of 3rd period - Slapshot by Chris Bigras.
12:32 of 3rd period - Stopped by Martin Jones with a rebound.
12:48 of 3rd period - Wrist shot by Jesse Puljujarvi.
12:48 of 3rd period - Shot Blocked by Brendan Smith.
14:04 of 3rd period - Icing by Noah Hanifin.
14:05 of 3rd period - Alex Iafallo wins face-off versus Tomas Nosek in Ducks zone.
14:23 of 3rd period - Wrist shot by Sam Gagner.
14:23 of 3rd period - Stopped by Martin Jones without a rebound.
14:24 of 3rd period - Quinton Howden wins face-off versus Carter Verhaeghe in Senateurs zone.
14:33 of 3rd period - Wrist shot by Jordan Martinook.
14:33 of 3rd period - Stopped by Michal Neuvirth with a rebound.
15:15 of 3rd period - Slapshot by Tomas Nosek.
15:15 of 3rd period - Goal by Tomas Nosek - Senateurs : 3 - Ducks : 1.
15:16 of 3rd period - Sam Gagner wins face-off versus Christoph Bertschy in neutral zone.
15:42 of 3rd period - Kevin Shattenkirk is hit by Riley Sheahan and loses puck.
16:10 of 3rd period - Snap shot by Sam Gagner.
16:10 of 3rd period - Shot Hit the Post.
16:12 of 3rd period - Slapshot by Jakob Chychrun.
16:12 of 3rd period - Shot Blocked by Jake Gardiner.
16:14 of 3rd period - Slapshot by Jakob Chychrun.
16:14 of 3rd period - Deflect By Kris Versteeg.
16:14 of 3rd period - Stopped by Martin Jones without a rebound.
16:15 of 3rd period - Mike Richards wins face-off versus Christoph Bertschy in Senateurs zone.
16:22 of 3rd period - Backhand shot by Christoph Bertschy.
16:22 of 3rd period - Shot Blocked by Noah Hanifin.
16:47 of 3rd period - Minor Penalty to Noah Hanifin for Holding.
16:48 of 3rd period - Mike Richards wins face-off versus Nick Bjugstad in Ducks zone.
18:47 of 3rd period - Penalty to Noah Hanifin is over, Noah Hanifin is back on ice.
18:52 of 3rd period - Kevin Shattenkirk is hit by Justin Schultz and loses puck.
Goals for this period are 0 for Senateurs vs 1 for Ducks.
Shots for this period are 2 for Senateurs vs 7 for Ducks.